 Dungeon Crawl Stone Soup version 0.31-a0-331-geda263fcf1 (webtiles) character file.

Game seed: 14136284109207716553

57 javelincjr the Caller (level 3, -1/19 HPs)
             Began as a Deep Elf Summoner on July 19, 2023.
             Slain by a goblin
             ... wielding a +0 dagger
             ... led by Robin
              (2 damage)
             ... on level 2 of the Dungeon.
             The game lasted 00:04:17 (1584 turns).

javelincjr the Caller (Deep Elf Summoner)           Turns: 1584, Time: 00:04:17

Health: -1/19      AC:  4    Str:  5 (7)  XL:     3   Next: 73%
Magic:  10/10      EV: 12    Int: 18 (19) God:
Gold:   80         SH:  0    Dex: 12 (15) Spells: 6/9 levels left

rFire   . . .        e - +0 dagger
rCold   . . .        (no shield)
rNeg    . . .        a - +0 robe
rPois   .            (no helmet)
rElec   .            l - +0 cloak
rCorr   .            d - +0 pair of gloves
SInv    .            (no boots)
Will    .....        (no amulet)
Stlth   ++           (no ring)
HPRegen 0.23/turn    (no ring)
MPRegen 0.12/turn

%: no passive effects
@: no status effects
A: no striking features
a: no special abilities


You were on level 2 of the Dungeon.
You visited 1 branch of the dungeon, and saw 2 of its levels.

You collected 80 gold pieces.

Inventory:

Hand Weapons
 e - a +0 dagger (weapon)
Missiles
 h - 6 poisoned darts
Armour
 a - a +0 robe (worn)
 d - a +0 pair of gloves (worn)
 l - a +0 cloak (worn)
Scrolls
 c - a scroll of immolation {unknown}
 f - 3 scrolls of fear {unknown}
 g - 3 scrolls of identify {unknown}
 k - a scroll of amnesia {unknown}
 m - a scroll of fog {unknown}
 n - 2 scrolls of vulnerability {unknown}
Potions
 b - a potion of magic
 j - 2 potions of curing {unknown}


   Skills:
 + Level 3.2 Dodging
 + Level 3.4 Stealth
 + Level 3.8 Spellcasting
 + Level 4.8 Summonings


You had 6 spell levels left.
You knew the following spells:

 Your Spells              Type           Power      Damage    Failure   Level
a - Summon Small Mammal   Summ           80%        N/A       1%          1
b - Call Imp              Summ           40%        N/A       3%          2

Your spell library contained the following spells:

 Spells                   Type           Power      Damage    Failure   Level
 Call Canine Familiar     Summ           20%        N/A       6%          3
 Summon Guardian Golem    Hex/Summ       12%        N/A       17%         3
 Dazzling Flash           Conj/Hex       6%         N/A       41%         3
 Volatile Blastmotes      Fire/Tloc      6%         2d10      41%         3
 Summon Lightning Spire   Summ/Air       12%        N/A       50%         4
 Starburst                Conj/Fire      1%         6d3       100%        6
 Maxwell's Capacitive Co  Air            1%         ∞         100%        8


Dungeon Overview and Level Annotations

Branches:
Dungeon (2/15)

Altars:

Annotations:
D:2 Robin


Message History

Your quokka's corpse disappears in a puff of smoke!
The jackal barely misses you. The goblin hits you with a +0 dagger.
The jackal attacks as you move away!
The jackal bites you but does no damage.
Your quokka barely misses the jackal.
Your cerulean imp closely misses the jackal.
The jackal barely misses your cerulean imp.
The goblin closely misses you. Robin throws the goblin at you!
The goblin hits your cerulean imp with a +0 dagger.
The jackal attacks as you move away! The jackal barely misses you.
Your cerulean imp hits the jackal but does no damage.
The goblin barely misses you.
A goblin comes into view. It is wielding a +0 club.
The goblin barely misses you. Robin throws the goblin at you!
* * * LOW HITPOINT WARNING * * *
The goblin barely misses you.
Your quokka misses the jackal. You hit the goblin.
The goblin is heavily wounded.
The jackal bites you.
* * * LOW HITPOINT WARNING * * *
Your cerulean imp hits the jackal from afar with a -2 spear.
The jackal bites you but does no damage.
Your quokka bites the jackal but does no damage.
The goblin hits you but does no damage.
The goblin completely misses your cerulean imp.
The goblin hits you with a +0 dagger.
* * * LOW HITPOINT WARNING * * *
The goblin hits you but does no damage.
It was a potion of degeneration.
There was something very wrong with that liquid.
You feel weakened.
You feel dopey.
You feel clumsy.
The hobgoblin no longer looks unusually strong.
The jackal bites you but does no damage.
Your cerulean imp barely misses the jackal.
Your quokka bites the jackal.
The hobgoblin completely misses your cerulean imp.
The goblin hits you but does no damage.
The goblin barely misses your cerulean imp.
The goblin hits you with a +0 dagger.
You die...

...# ### ...# ... ...####
... )...... ... ###ggg....
... #..5...... ##+#
#hr...# #.### #hg)..#
#...###########@g...#
##............[g.h...#
##..........####.....#####
............# #..........
###.........####...[......
###.##......##..........
#.##......####..######
#.##......# #..#
#.##......## #..#


You could see Robin, 3 jackals, a hobgoblin, 4 goblins, a friendly cerulean imp
(summoned) and a friendly quokka (summoned).

Vanquished Creatures
  3 bats
  2 endoplasms (D:1)
  2 goblins (D:2)
  A quokka (D:2)
  4 ball pythons
  2 frilled lizards (D:1)
  A kobold (D:1)
  A rat (D:1)
16 creatures vanquished.

Vanquished Creatures (collateral kills)
  2 adders (D:2)
  A worm (D:2)
  3 endoplasms
  6 goblins
  2 hobgoblins
  A kobold (D:2)
  A bat (D:1)
  2 frilled lizards (D:1)
  A rat (D:1)
19 creatures vanquished.

Grand Total: 35 creatures vanquished

Notes
Turn   | Place    | Note
-------+----------+-------------------------------------------
     0 | D:1      | javelincjr the Deep Elf Summoner began the quest for the
                  | Orb.
     0 | D:1      | Reached XP level 1. HP: 10/10 MP: 6/6
   228 | D:1      | Reached XP level 2. HP: 15/15 MP: 8/8
  1126 | D:2      | Learned a level 2 spell: Call Imp
  1259 | D:2      | Reached XP level 3. HP: 7/19 MP: 7/10
  1571 | D:2      | Noticed Robin
  1584 | D:2      | Slain by a goblin

Illustrated notes

Levels and vault maps discovered:
D:1:      scummos_arrival_gate, layout_basic
D:2:      layout_basic, shapermc_ecumenical_altar_mp_vishouse, uniq_robin

Skill      XL: |  1  2 |
---------------+-------+-----
Stealth        | 3 |  3.4
Dodging        | 3 |  3.2
Spellcasting   | |  3.8
Summonings     | |  4.8

Action                     || total
---------------------------++-------
  Melee: Dagger            ||    74
   Cast: Summon Small Mamm ||    26
         Call Imp          ||     4
    Use: Potion            ||     1
   Stab: Sleeping          ||     1
         Distracted        ||     1
 Armour: Robe              ||    26
  Dodge: Dodged            ||    70

Table legend: (Time is in decaauts)
 A = Elapsed time spent in this place.
 B = Non-inter-level travel time spent in this place.
 C = Inter-level travel time spent in this place.
 D = Time resting spent in this place.
 E = Time spent auto-exploring this place.
 F = Levels seen in this place.
 G = Mean time per level.
                   A        B        C        D        E       F      G
               +--------+--------+--------+--------+--------+-----+--------+
         Total |   1583 |   1564 |     19 |     71 |   1176 |   2 |  791.5 |
       Dungeon |   1583 |   1564 |     19 |     71 |   1176 |   2 |  791.5 |
               +--------+--------+--------+--------+--------+-----+--------+

Top non-repeatable levels by time:
     D:1: 1119 daAuts
     D:2: 463 daAuts
